 Dungeon Crawl Stone Soup version 0.23.2-30-g0e89c35649 (webtiles) character file.

Game seed: 12768532205880116326

129 jjfam the Skirmisher (level 5, -3/48 HPs)
             Began as a Hill Orc Fighter on June 11, 2019.
             Slain by Sigmund
             ... wielding a +0 scythe
              (5 damage)
             ... on level 3 of the Dungeon.
             The game lasted 00:05:41 (1449 turns).

jjfam the Skirmisher (Hill Orc Fighter)             Turns: 1449, Time: 00:05:42

Health: -3/48      AC:  9    Str: 20    XL:     5   Next: 12%
Magic:  5/5        EV:  7    Int:  8    God:
Gold:   74         SH:  9    Dex: 10    Spells: 4/4 levels left

rFire    + . .     SeeInvis .   a - +0 war axe
rCold    x . .     Gourm    .   c - +0 shield
rNeg     . . .     Faith    .   b - +0 scale mail
rPois    .         Spirit   .   p - +1 helmet "Ahyzitoo" {Slay+2}
rElec    .         Reflect  .   (no cloak)
rCorr    .         Harm     .   (no gloves)
MR       .....                  (no boots)
Stlth    ..........             (no amulet)
HPRegen  0.16/turn              e - ring of flight
MPRegen  0.09/turn              i - ring of fire

@: no status effects
A: no striking features
a: Evoke Flight


You were on level 3 of the Dungeon.
You were not hungry.

You visited 1 branch of the dungeon, and saw 3 of its levels.

You collected 74 gold pieces.

Inventory:

Hand Weapons
 a - a +0 war axe (weapon)
Armour
 b - a +0 scale mail (worn)
 c - a +0 shield (worn)
 p - the +1 helmet "Ahyzitoo" (worn) {Slay+2}
   (You took it off Robin on level 2 of the Dungeon)

   It affects your accuracy and damage with ranged weapons and melee attacks
   (+2).
Jewellery
 e - a ring of flight (left hand)
 i - a ring of fire (right hand)
Scrolls
 h - 3 scrolls of identify {unknown}
 n - a scroll of enchant armour {unknown}
 o - a scroll of magic mapping {unknown}
 q - a scroll of fog {unknown}
Potions
 d - a potion of might
 g - a potion of flight {unknown}
 j - a potion of ambrosia {unknown}
 k - a potion of curing {unknown}
 l - a potion of berserk rage {unknown}
 m - a potion of mutation {unknown}
Comestibles
 f - 3 rations


   Skills:
 + Level 5.0 Fighting
 + Level 4.3 Axes
 + Level 3.6 Armour
 + Level 0.2 Dodging
 + Level 4.0 Shields


You had 4 spell levels left.
You didn't know any spells.
Your spell library was empty.

Dungeon Overview and Level Annotations

Branches:
Dungeon (3/15)

Altars:

Annotations:
D:3 Sigmund


Message History

Deactivating autopickup; reactivate with Ctrl-A.
You block the jackal's attack.
You slash the jackal!
You kill the jackal!
Something hits you!
* * * LOW HITPOINT WARNING * * *
Something hits you but does no damage.
Items here: )) †† a +0 whip; a +0 mace; a jackal corpse; an orc corpse Butcher a jackal corpse? [(y)es/(n)o/(a)ll/(q)uit/?]
Butcher an orc corpse? [(y)es/(n)o/(a)ll/(q)uit/?]
There isn't anything else to butcher here.
You start resting.
There is a strange disturbance nearby!
You miss something.
You hear some strange, mumbled words.
A puff of flame appears from out of thin air!
The puff of flame hits you but does no damage.
You closely miss something. Something hits you.
You die...

...........# #.
#..........#
#.##..o>......# .
<.#.#...#..........
###....#.###.#.o.....###
..##...<...............
###.#.....###..<......###
..............#{#)#......
..........###...@)...###.
..........#....))###.....
...).........##..###.....
......<..#...###..#.....#
..............###........
.........##..............
.........####............
.........#....#..........
...........####..........


There were no monsters in sight!

Vanquished Creatures
  An orc wizard (D:3)
  An iguana (D:3)
  Robin (D:2)
  An adder (D:2)
  A dart slug (D:1)
  A leopard gecko (D:1)
  3 orcs (D:3)
  A ball python (D:3)
  6 bats
  8 goblins
  9 hobgoblins
  5 jackals
  3 frilled lizards
  3 kobolds
  6 rats
50 creatures vanquished.

Notes
Turn   | Place    | Note
-------+----------+-------------------------------------------
     0 | D:1      | jjfam the Hill Orc Fighter began the quest for the Orb.
     0 | D:1      | Reached XP level 1. HP: 19/19 MP: 1/1
    78 | D:1      | Reached XP level 2. HP: 25/27 MP: 2/2
   412 | D:1      | Reached skill level 4 in Fighting
   512 | D:2      | Reached XP level 3. HP: 33/33 MP: 3/3
   597 | D:2      | Identified the +1 helmet "Ahyzitoo" {Slay+2}
   597 | D:2      | Noticed Robin
   614 | D:2      | Killed Robin
  1229 | D:2      | Reached XP level 4. HP: 41/41 MP: 4/4
  1412 | D:3      | Reached skill level 5 in Fighting
  1434 | D:3      | Noticed Sigmund
  1444 | D:3      | Reached XP level 5. HP: 12/48 MP: 5/5
  1445 | D:3      | HP: 1/48 [something (10)]
  1449 | D:3      | Slain by Sigmund

Skill      XL: |  1  2  3  4 |
---------------+-------------+-----
Axes           | 3 4 |  4.3
Fighting       | 4 5 |  5.0
Shields        | 4 |  4.0
Armour         | |  3.6
Dodging        | |  0.2

Action                   |  1- 3 |  4- 6 || total
-------------------------+-------+-------++-------
Melee: War axe           |    99 |    28 ||   127
  Eat: Chunk             |       |     2 ||     2
Armor: Scale mail        |    50 |    18 ||    68
Dodge: Dodged            |    44 |     7 ||    51
Block: Shield            |    76 |    17 ||    93
